 Dungeon Crawl Stone Soup version 0.26-a0-712-ga5a9c9c9d0 (webtiles) character file.

Game seed: 1069516360484805977

17 kae the Ruffian (level 2, -3/25 HPs)
             Began as a Naga Transmuter on Nov 4, 2020.
             Slain by Terence
             ... wielding a +0 flail
              (8 damage)
             ... on level 2 of the Dungeon.
             The game lasted 00:00:29 (1365 turns).

kae the Ruffian (Naga Transmuter)                   Turns: 1365, Time: 00:00:29

Health: -3/25      AC:  1    Str: 12    XL:     2   Next: 62%
Magic:  4/5        EV: 10    Int: 13    God:
Gold:   71         SH:  0    Dex: 11    Spells: 4/5 levels left

rFire    . . .     SeeInvis +     - Unarmed
rCold    . . .     Faith    .   (no shield)
rNeg     . . .     Spirit   .   a - +0 robe
rPois    +         Reflect  .   (helmet currently unavailable)
rElec    .         Harm     .   (no cloak)
rCorr    .         Rampage  .   (no gloves)
MR       .....                  (no barding)
Stlth    +.........             (no amulet)
HPRegen  0.08/turn              (no ring)
MPRegen  0.09/turn              (no ring)

@: mighty, brilliant, appendages (expiring), hasted, quick
A: large, horns 2, see invisible, deformed body, poison resistance, slowness 2,
spit poison 1, AC +0
a: Spit Poison, End Transformation


You were on level 2 of the Dungeon.
You had grown temporary horns.
You visited 1 branch of the dungeon, and saw 2 of its levels.

You collected 71 gold pieces.

Inventory:

Armour
 a - a +0 robe (worn)
Scrolls
 c - 3 scrolls of identify {unknown}
 g - a scroll of enchant weapon {unknown}
 h - 2 scrolls of teleportation {unknown}
 j - a scroll of magic mapping {unknown}
Potions
 b - a potion of brilliance
 f - a potion of heal wounds {unknown}
 i - a potion of curing {unknown}


   Skills:
 - Level 1.0 Fighting
 - Level 1.5 Dodging
 + Level 3.3 Unarmed Combat
 - Level 2.0 Spellcasting
 * Level 2.8 Transmutations


You had 4 spell levels left.
You knew the following spells:

 Your Spells              Type           Power        Failure   Level
a - Beastly Appendage     Tmut           ##....       9%          1

Your spell library contained the following spells:

 Spells                   Type           Power        Failure   Level
 Wereblood                Tmut           ##......     12%         2
 Spider Form              Tmut/Pois      #.........   41%         3
 Ice Form                 Ice/Tmut       #.......     82%         4
 Blade Hands              Tmut           ##........   92%         5


Dungeon Overview and Level Annotations

Branches:
Dungeon (2/15)

Altars:

Annotations:
D:2 Terence


Innate Abilities, Weirdness & Mutations

You cannot wear boots.
Your serpentine skin is tough. (AC +0)
You have supernaturally acute eyesight. (SInv)
Armour fits poorly on your strangely shaped body.
Your system is resistant to poisons. (rPois)
You cover ground very slowly.
You can spit poison.
You have a pair of horns on your head.


Message History

You closely miss Terence. The bat misses you. Terence hits you with a +0 flail!
It was a potion of brilliance.
You feel clever all of a sudden. The bat hits you.
Terence hits you with a +0 flail.
It was a potion of haste.
You feel yourself speed up. The bat barely misses you.
It was a potion of might.
You feel very mighty all of a sudden.
You have got your breath back.
The bat barely misses you. Terence hits you with a +0 flail!
* * * LOW HITPOINT WARNING * * *
You closely miss Terence. The bat barely misses you. Terence barely misses you.
You hit Terence.
Terence is lightly wounded.
Your transformation is almost over.
The bat hits you but does no damage.
You hit Terence. Your headbutt misses Terence.
Terence is moderately wounded.
Terence hits you with a +0 flail!
You die...

##..###.......
#....†...####
#.#######.... ##+##
#.#.. ##...## #.#.#
##.....## #.#.#
##.......## #.#.#
.#..####..(......###....
.....w@@......)..'......
#...####b........###....
# ##.......####....
##...........###
##...######.# # ##.##
#.# # #.# #.# # ... #.#
# #.# #


You could see Terence, a dart slug and a bat.

Vanquished Creatures
  An ooze (D:1)
  A leopard gecko (D:1)
  2 hobgoblins (D:1)
  A kobold (D:1)
  A quokka (D:2)
  2 bats
  A frilled lizard (D:1)
  A goblin (D:1)
  2 rats
12 creatures vanquished.

Notes
Turn   | Place    | Note
-------+----------+-------------------------------------------
     0 | D:1      | kae the Naga Transmuter began the quest for the Orb.
     0 | D:1      | Reached XP level 1. HP: 18/18 MP: 3/3
   376 | D:1      | Reached XP level 2. HP: 17/25 MP: 3/5
  1354 | D:2      | Noticed Terence
  1365 | D:2      | Slain by Terence

Illustrated notes

Levels and vault maps discovered:
D:1:      dpeg_arrival_brainrot, layout_loops_ring,
          hangedman_decor_clover_reticule
D:2:      layout_loops_corners, lemuel_doored_altar, uniq_terence

Action                   || total
-------------------------++-------
Melee: Unarmed           ||    39
 Cast: Beastly Appendage ||     9
 Abil: Spit Poison       ||     8
  Use: Potion            ||     3
Armor: Robe              ||    12
Dodge: Dodged            ||    31

Table legend: (Time is in decaauts)
 A = Elapsed time spent in this place.
 B = Non-inter-level travel time spent in this place.
 C = Inter-level travel time spent in this place.
 D = Time resting spent in this place.
 E = Time spent auto-exploring this place.
 F = Levels seen in this place.
 G = Mean time per level.
                   A        B        C        D        E       F      G
               +--------+--------+--------+--------+--------+-----+--------+
         Total |   1674 |   1643 |     31 |      0 |   1534 |   2 |  837.0 |
       Dungeon |   1674 |   1643 |     31 |      0 |   1534 |   2 |  837.0 |
               +--------+--------+--------+--------+--------+-----+--------+

Top non-repeatable levels by time:
     D:1: 1481 daAuts
     D:2: 192 daAuts
